 Dungeon Crawl Stone Soup version 0.25.1-8-g42b30a86e7 (webtiles) character file.

Game seed: 16872544581775434343

758 hawla the Gusty (level 7, 0/51 HPs)
             Began as a Gnoll Air Elementalist on Dec 17, 2020.
             Slain by Pikel
             ... wielding a +0 whip of flaming
              (1 damage)
             ... on level 5 of the Dungeon on Dec 18, 2020.
             The game lasted 00:16:24 (5787 turns).

hawla the Gusty (Gnoll Air Elementalist)            Turns: 5787, Time: 00:16:25

Health: 0/51       AC:  6    Str: 10    XL:     7   Next: 80%
Magic:  15/15      EV: 13    Int: 20    God:
Gold:   167        SH:  0    Dex: 15    Spells: 12/17 levels left

rFire    . . .     SeeInvis .   i - +3 whip (venom)
rCold    . . .     Gourm    .   w - +2 kite shield
rNeg     . . .     Faith    .   a - +0 robe
rPois    .         Spirit   .   p - +2 helmet
rElec    .         Reflect  .   (no cloak)
rCorr    .         Harm     .   l - +0 pair of gloves
MR       .....                  (no boots)
Stlth    +.........             (no amulet)
HPRegen  0.17/turn              b - -4 ring of slaying (curse)
MPRegen  0.14/turn              (no ring)

@: confused
A: distributed training, fangs 1, strong nose
a: no special abilities


You were on level 5 of the Dungeon.
You were hungry.

You visited 1 branch of the dungeon, and saw 5 of its levels.

You collected 178 gold pieces.
You spent 11 gold pieces at shops.

Inventory:

Hand Weapons
 i - a +3 whip of venom (weapon)
 j - a +0 quarterstaff
Missiles
 d - 7 poisoned darts (quivered)
Armour
 a - a +0 robe (worn)
 l - a +0 pair of gloves (worn)
 p - a +2 helmet (worn)
 w - a +2 kite shield (worn)
Magical Staves
 r - an uncursed staff of energy
Jewellery
 b - a cursed -4 ring of slaying (left hand)
Wands
 m - a wand of acid (3)
 u - a wand of flame (12)
Scrolls
 n - 2 scrolls of random uselessness {unknown}
 q - a scroll of identify
 t - a scroll of teleportation {unknown}
 v - a scroll of remove curse {unknown}
Potions
 e - 2 potions of flight
 f - a potion of lignification
 g - 2 potions of curing
 h - 2 potions of magic {unknown}
 k - a potion of stabbing
 o - a potion of invisibility
 s - a potion of heal wounds
Comestibles
 c - 8 rations


   Skills:
 + Level 2.6 Fighting
 + Level 2.6 Short Blades
 + Level 2.6 Long Blades
 + Level 2.6 Axes
 + Level 2.6 Maces & Flails
 + Level 2.6 Polearms
 + Level 2.6 Staves
 + Level 2.6 Slings
 + Level 2.6 Bows
 + Level 2.6 Crossbows
 + Level 2.6 Throwing
 + Level 2.6 Armour
 + Level 5.3 Dodging
 + Level 5.0 Stealth
 + Level 2.6 Shields
 + Level 2.6 Unarmed Combat
 + Level 5.7 Spellcasting
 + Level 3.1 Conjurations
 + Level 2.1 Hexes
 + Level 2.1 Charms
 + Level 2.1 Summonings
 + Level 2.1 Necromancy
 + Level 2.1 Translocations
 + Level 2.1 Transmutations
 + Level 2.1 Fire Magic
 + Level 2.1 Ice Magic
 + Level 5.9 Air Magic
 + Level 2.1 Earth Magic
 + Level 2.1 Poison Magic
 + Level 3.0 Invocations
 + Level 2.6 Evocations


You had 12 spell levels left.
You knew the following spells:

 Your Spells              Type           Power        Failure   Level  Hunger
a - Shock                 Conj/Air       ###.         9%          1    None
b - Airstrike             Air            ####......   41%         4    ####...

Your spell library contained the following spells:

 Spells                   Type           Power        Failure   Level  Hunger
 Swiftness                Chrm/Air       ###.....     16%         2    None
 Static Discharge         Conj/Air       ###.....     24%         3    ##.....
 Lightning Bolt           Conj/Air       ###.......   92%         5    #####..


Dungeon Overview and Level Annotations

Branches:
Dungeon (5/15)
 Temple: D:4-7

Altars:
Hepliaklqana
Kikubaaqudgha
Makhleb
Okawaru
Sif Muna
Trog
Uskayaw
Xom
The Shining One

Shops:
D:4 !

Annotations:
D:5 Pikel


Innate Abilities, Weirdness & Mutations

Your experience applies equally to all skills.
You have very sharp teeth.
Your uncanny sense of smell can sniff out nearby items.


Message History

Pikel burns you. The slave hits you!
Unknown command.
You hit Pikel but do no damage. You block the slave's attack.
The slave hits you. The slave hits you but does no damage.
Pikel zaps a wand.
Your will is overpowered!
You are confused.
The slave hits you but does no damage.
Unknown command.
You barely miss Pikel. The slave hits you but does no damage.
The slave barely misses you. The slave hits you but does no damage.
Pikel hits you with a +0 whip of flaming.
Pikel burns you. The slave hits you. x2
* * * LOW HITPOINT WARNING * * *
Unknown command.
You're too confused to cast spells.
You miss the slave. The slave barely misses you. The slave hits you!
* * * LOW HITPOINT WARNING * * *
Pikel hits you with a +0 whip of flaming.
* * * LOW HITPOINT WARNING * * *
Pikel burns you.
You die...

#.............
#.............
#....#####.... #......#
.... ####......#∆ ...
####..'..##### #..
#.###.....#......# ..
#.........#......#∆ ..[
#.....K@p.#....#####....
##....ppp.#........†....
#..#.....#.............
##..###..#........(....
#.. ##########+###### ##
∆ ∆


You could see Pikel and 4 slaves.

Vanquished Creatures
  An ogre (D:4)
  Blork the orc (D:5)
  A scorpion (D:5)
  2 orc priests
  A hound (D:5)
  3 orc wizards
  Jessica (D:2)
  5 worker ants
  Robin (D:4)
  4 gnolls
  6 adders
  2 oozes
  4 worms
  4 dart slugs
  3 leopard geckos
  9 orcs
  9 bats
  2 giant cockroaches
  9 hobgoblins
  7 jackals
  7 kobolds
  2 quokkas
  4 frilled lizards
  21 goblins
  A jackal skeleton (D:4)
  A leopard gecko skeleton (D:4)
  8 rats
119 creatures vanquished.

Notes
Turn   | Place    | Note
-------+----------+-------------------------------------------
     0 | D:1      | hawla the Gnoll Air Elementalist began the quest for the
                  | Orb.
     0 | D:1      | Reached XP level 1. HP: 13/13 MP: 6/6
   114 | D:1      | Reached XP level 2. HP: 19/19 MP: 5/7
   508 | D:1      | Reached XP level 3. HP: 20/25 MP: 0/9
   701 | D:1      | Reached skill level 5 in Spellcasting
   830 | D:1      | Reached skill level 1 in Invocations
  1278 | D:1      | Reached skill level 1 in Fighting
  1278 | D:1      | Reached skill level 1 in Short Blades
  1278 | D:1      | Reached skill level 1 in Long Blades
  1278 | D:1      | Reached skill level 1 in Axes
  1278 | D:1      | Reached skill level 1 in Maces & Flails
  1278 | D:1      | Reached skill level 1 in Polearms
  1278 | D:1      | Reached skill level 1 in Staves
  1278 | D:1      | Reached skill level 1 in Slings
  1278 | D:1      | Reached skill level 1 in Bows
  1278 | D:1      | Reached skill level 1 in Crossbows
  1278 | D:1      | Reached skill level 1 in Throwing
  1278 | D:1      | Reached skill level 1 in Armour
  1278 | D:1      | Reached skill level 1 in Shields
  1278 | D:1      | Reached skill level 1 in Unarmed Combat
  1278 | D:1      | Reached skill level 1 in Evocations
  1330 | D:2      | Noticed Jessica
  1338 | D:2      | Reached XP level 4. HP: 32/32 MP: 3/11
  1420 | D:2      | Killed Jessica
  1523 | D:2      | Reached skill level 1 in Hexes
  1523 | D:2      | Reached skill level 1 in Charms
  1523 | D:2      | Reached skill level 1 in Summonings
  1523 | D:2      | Reached skill level 1 in Necromancy
  1523 | D:2      | Reached skill level 1 in Translocations
  1523 | D:2      | Reached skill level 1 in Transmutations
  1523 | D:2      | Reached skill level 1 in Fire Magic
  1523 | D:2      | Reached skill level 1 in Ice Magic
  1523 | D:2      | Reached skill level 1 in Earth Magic
  1523 | D:2      | Reached skill level 1 in Poison Magic
  1829 | D:2      | Reached XP level 5. HP: 30/37 MP: 1/12
  1997 | D:2      | Found a bloodstained altar of Trog.
  2127 | D:2      | Found a hide-covered altar of Uskayaw.
  2128 | D:2      | Found a glowing golden altar of the Shining One.
  2223 | D:2      | Found a hazy altar of Hepliaklqana.
  2224 | D:2      | Found a shimmering altar of Xom.
  2225 | D:2      | Noticed a spectral ugly thing
  2480 | D:2      | Learned a level 4 spell: Airstrike
  2528 | D:3      | Found an iron altar of Okawaru.
  2569 | D:3      | Reached XP level 6. HP: 37/44 MP: 0/13
  2761 | D:3      | Found an ancient bone altar of Kikubaaqudgha.
  3307 | D:4      | Reached skill level 5 in Dodging
  3446 | D:4      | Found a burning altar of Makhleb.
  3479 | D:4      | Found Puog's Distillery.
  3609 | D:4      | Bought a potion of degeneration for 11 gold pieces
  3897 | D:4      | Reached XP level 7. HP: 50/50 MP: 8/15
  4135 | D:4      | Noticed Robin
  4279 | D:4      | Killed Robin
  4673 | D:4      | Found a shimmering blue altar of Sif Muna.
  5106 | D:5      | Entered Level 5 of the Dungeon
  5433 | D:5      | Noticed Blork the orc
  5436 | D:5      | Killed Blork the orc
  5436 | D:5      | Reached skill level 5 in Stealth
  5776 | D:5      | Noticed Pikel
  5787 | D:5      | HP: 1/51 [Pikel/+0 whip of flaming (5)]
  5787 | D:5      | Slain by Pikel

Illustrated notes

Levels and vault maps discovered:
D:1:      eino_arrival_druids_welcome, layout_basic
D:2:      layout_rooms, regret_index_temple_of_mockery, bloody_trog,
          nicolae_overflow_hidden_temple, uniq_jessica
D:3:      layout_rooms, nicolae_overflow_crystal_walls, lemuel_altar_in_water
D:4:      layout_basic, kennysheep_mini_moat, serial_shops, shop, minivault_25,
          hangedman_abyss_or_decor_passed, lemuel_blue_sif_altar, uniq_robin
D:5:      layout_cave_pods, first_ration, kennysheep_generic_room_16, uniq_ijyb,
          uniq_pikel, uniq_blork_the_orc

Skill      XL: |  1  2  3  4  5  6  7 |
---------------+----------------------+-----
Conjurations   | 2 3 |  3.1
Spellcasting   | 5 |  5.7
Invocations    | 1 2 3 |  3.0
Fighting       | 1 2 |  2.6
Short Blades   | 1 2 |  2.6
Long Blades    | 1 2 |  2.6
Axes           | 1 2 |  2.6
Maces & Flails | 1 2 |  2.6
Polearms       | 1 2 |  2.6
Staves         | 1 2 |  2.6
Slings         | 1 2 |  2.6
Bows           | 1 2 |  2.6
Crossbows      | 1 2 |  2.6
Throwing       | 1 2 |  2.6
Armour         | 1 2 |  2.6
Shields        | 1 2 |  2.6
Unarmed Combat | 1 2 |  2.6
Evocations     | 1 2 |  2.6
Hexes          | 1 2 |  2.1
Charms         | 1 2 |  2.1
Summonings     | 1 2 |  2.1
Necromancy     | 1 2 |  2.1
Translocations | 1 2 |  2.1
Transmutations | 1 2 |  2.1
Fire Magic     | 1 2 |  2.1
Ice Magic      | 1 2 |  2.1
Earth Magic    | 1 2 |  2.1
Poison Magic   | 1 2 |  2.1
Dodging        | 5 |  5.3
Stealth        | 5 |  5.0
Air Magic      | |  5.9

Action                   |  1- 3 |  4- 6 |  7- 9 || total
-------------------------+-------+-------+-------++-------
Melee: Unarmed           |    11 |    23 |       ||    34
       Bite              |     2 |     5 |     3 ||    10
       Punch             |       |     1 |       ||     1
       Quarterstaff      |       |     1 |     1 ||     2
       Whip              |       |       |     9 ||     9
 Cast: Shock             |    64 |   141 |    37 ||   242
       Airstrike         |       |     7 |    13 ||    20
  Use: Scroll            |     3 |     2 |     2 ||     7
       Potion            |       |     2 |       ||     2
 Stab: Sleeping          |       |       |     1 ||     1
  Eat: Chunk             |     1 |     9 |     7 ||    17
Armor: Robe              |    12 |    14 |     6 ||    32
Dodge: Dodged            |    33 |    52 |    11 ||    96
Block: Kite shield       |       |       |     8 ||     8
